 Dungeon Crawl Stone Soup version 0.27.0-66-gdc8fb28755 (webtiles) character file.

Game seed: 4064516237878090965

54 horus123 the Skirmisher (level 3, 0/29 HPs)
             Began as a Demonspawn Abyssal Knight on Aug 19, 2021.
             Was a Follower of Lugonu.
             Slain by Natasha (9 damage)
             ... on level 2 of the Dungeon.
             The game lasted 00:02:11 (1224 turns).

horus123 the Skirmisher (Demonspawn Abyssal Knight) Turns: 1224, Time: 00:02:12

Health: 0/29       AC:  3    Str: 12    XL:     3   Next: 66%
Magic:  4/4        EV: 11    Int: 14    God:    Lugonu [*.....]
Gold:   87         SH:  0    Dex: 12    Spells: 3/3 levels left

rFire    . . .     SeeInvis .   a - +1 hand axe
rCold    . . .     Faith    .   (no shield)
rNeg     . . .     Spirit   .   b - +0 leather armour
rPois    .         Reflect  .   (no helmet)
rElec    .         Harm     .   (no cloak)
rCorr    .         Rampage  .   (no gloves)
Will     .....                  (no boots)
Stlth    +.........             (no amulet)
HPRegen  0.09/turn              (no ring)
MPRegen  0.09/turn              (no ring)

@: no status effects
A: ignite blood 1
a: Renounce Religion, Depart the Abyss


You were on level 2 of the Dungeon.
You worshipped Lugonu.
Lugonu was aware of your devotion.
You visited 1 branch of the dungeon, and saw 2 of its levels.
You visited the Abyss 1 time.

You collected 87 gold pieces.

Inventory:

Hand Weapons
 a - a +1 hand axe (weapon)
Armour
 b - a +0 leather armour (worn)
Magical Staves
 c - a staff of air
Scrolls
 e - a scroll of acquirement {unknown}
 f - a scroll of vulnerability {unknown}
Potions
 d - a potion of ambrosia {unknown}
 g - a potion of might {unknown}


   Skills:
 * Level 3.5 Fighting
 + Level 2.3 Axes
 + Level 1.9 Armour
 + Level 1.4 Dodging
 * Level 0.5 Spellcasting
 * Level 0.9 Air Magic
 + Level 2.5 Invocations


You had 3 spell levels left.
You didn't know any spells.
Your spell library was empty.

Dungeon Overview and Level Annotations

Branches:
Dungeon (2/15)

Altars:

Annotations:
D:2 Natasha


Innate Abilities, Weirdness & Mutations

Your demonic aura sometimes causes spilled blood to erupt in flames.


Message History

Natasha is engulfed in blazing flames.
You kill Natasha!
Lugonu accepts your kill.
Natasha screams in pain as she dies!
The crimson imp disappears in a puff of smoke!
You start resting.
Natasha, Servant of Life and Death comes into view.
Natasha hisses angrily.
Natasha casts a spell at you. You resist with significant effort.
Natasha stares at you and mumbles some strange words.
You resist with significant effort.
A kobold comes into view. It is wielding a +0 club.
The kobold shouts!
Natasha claws you.
Found 11 gold pieces.
You hit Natasha but do no damage.
Natasha howls an incantation.
You feel disoriented. Natasha claws you.
You are too injured to fight recklessly!
You slash Natasha!
Natasha is heavily wounded.
Natasha claws you but does no damage.
A goblin comes into view. It is wielding a +0 club. x2
The goblin shouts! x2
You hit Natasha.
Natasha is almost dead.
You hear a shout! x3
Natasha casts a spell at you. You resist with significant effort.
A hobgoblin comes into view.
You miss Natasha.
Natasha is almost dead.
Natasha claws you.
You barely miss Natasha.
Natasha is almost dead.
The hobgoblin shouts!
You hear a shout!
Natasha claws you!
You die...

###.##...####....#
.........# .......#
##......# ........#
#####..##.........#
##.......>.....#
#........#...#.#
####...####..
#......## .
...###.@.# ...
#.#h# .. #.#... .
K.......
.........$. ....
....... g....
....... .g#...
.......


You could see Natasha, a hobgoblin, a goblin and a kobold.

Vanquished Creatures
  Natasha (D:2)
  A dart slug (D:1)
  2 endoplasms (D:1)
  2 giant cockroaches (D:1)
  3 goblins (D:1)
  2 hobgoblins
  3 jackals (D:2)
  A quokka (D:1)
  4 ball pythons (D:1)
  3 frilled lizards
  3 kobolds (D:1)
  A rat (D:1)
26 creatures vanquished.

Notes
Turn   | Place    | Note
-------+----------+-------------------------------------------
     0 | Abyss:1  | horus123 the Demonspawn Abyssal Knight began the quest for
                  | the Orb.
     0 | Abyss:1  | Reached XP level 1. HP: 18/18 MP: 2/2
    44 | Abyss:1  | Noticed a small abomination
    45 | D:1      | Escaped the Abyss
   321 | D:1      | Reached skill level 1 in Dodging
   321 | D:1      | Gained mutation: Your demonic aura sometimes causes spilled
                  | blood to erupt in flames. [demonic ancestry]
   321 | D:1      | Reached XP level 2. HP: 21/24 MP: 3/3
   505 | D:1      | Reached * piety under Lugonu
   608 | D:1      | Found a faded altar of an unknown god.
   989 | D:2      | Reached XP level 3. HP: 26/29 MP: 4/4
  1063 | D:2      | Noticed Natasha
  1073 | D:2      | Killed Natasha
  1214 | D:2      | Noticed Natasha
  1224 | D:2      | Slain by Natasha

Illustrated notes

Levels and vault maps discovered:
D:1:      scummos_arrival_checkerplants, layout_loops_ring,
          hellmonk_ecumenical_altar_leap_of_faith
D:2:      layout_rooms, minmay_bisected, uniq_robin, uniq_natasha

Skill      XL: |  1  2 |
---------------+-------+-----
Dodging        | 1 |  1.4
Axes           | 2 |  2.3
Fighting       | |  3.5
Armour         | |  1.9
Spellcasting   | |  0.5
Air Magic      | |  0.9
Invocations    | |  2.5

Action                   || total
-------------------------++-------
Melee: Hand axe          ||    91
Invok: Depart the Abyss  ||     1
 Stab: Sleeping          ||     1
Armor: Leather armour    ||    28
Dodge: Dodged            ||    52
